 Dungeon Crawl Stone Soup version 0.30-a0-587-gfd7c166f36 (webtiles) character file.

Game seed: 12533233485666475840

184907 Conn the Eclecticist (level 18, -1/99 HPs)
             Began as an Octopode Fire Elementalist on Jan 4, 2023.
             Was an Elder of Sif Muna.
             Shot with an arrow by a naga sharpshooter (16 damage)
             ... led by Vashnia
             ... on level 2 of the Snake Pit.
             The game lasted 02:24:51 (34755 turns).

Conn the Eclecticist (Octopode Fire Elementalist)  Turns: 34755, Time: 02:24:51

Health: -1/99      AC:  7    Str:  8    XL:     18   Next: 42%
Magic:  8/47       EV: 18    Int: 36    God:    Sif Muna [****..]
Gold:   1753       SH: 17    Dex: 19    Spells: 2/49 levels left

rFire   + + +      SeeInvis +    L - +9 staff of Olgreb {rPois∞}
rCold   + + .      Faith    .    O - +2 shield of Resistance {rF++ rC++ Will++}
rNeg    . . .      Spirit   .    D - +2 hat
rPois   ∞          Reflect  +    f - amulet of reflection
rElec   +          Harm     .    T - +6 ring of intelligence
rCorr   +          Rampage  .    h - +6 ring of intelligence
Will    ++++.                    V - ring of resist corrosion
Stlth   +++++                    p - ring "Gemy" {Ice rElec}
HPRegen 1.16/turn                H - ring of fire
MPRegen 0.30/turn                X - +5 ring of evasion
                                 Y - ring "Wissedoc" {Fly Will+ MP+9 Dex+6 SInv}
                                 t - ring of poison resistance

@: flying, studying Hexes
A: almost no armour, amphibious, 8 rings, camouflage 1, gelatinous body 1,
(nimble swimmer 1), tentacles, iridescent scales 2, fire resistance 1,
regeneration 1
a: Renounce Religion, Evoke the Staff of Olgreb, Channel Magic, Forget Spell,
Divine Exegesis


You were on level 2 of the Snake Pit.
You worshipped Sif Muna.
Sif Muna was greatly pleased with you.
You visited 6 branches of the dungeon, and saw 25 of its levels.
You also visited: Sewer and Bailey.

You collected 3460 gold pieces.
You spent 1707 gold pieces at shops.

Inventory:

Hand Weapons
 b - the +5 hand axe "Koil" {freeze, rF+ rC+ SInv}
   (You found it on level 2 of the Lair of Beasts)

   It freezes those it strikes, dealing additional cold damage.
   It can also slow down cold-blooded creatures.
   rF:        It protects you from fire.
   rC:        It protects you from cold.
   SInv:      It lets you see invisible.
 j - a +5 short sword of protection
 L - the +9 staff of Olgreb (weapon) {rPois∞}
   (You took it off a deep elf high priest on level 3 of the Elven Halls)

   If the wielder is skilled in Evocations, they can envenom those struck by it,
   dealing poison damage which bypasses armour.
   It enhances your poison magic.
   It grants immunity to poison.
   It can be activated via the 'a'bility menu to radiate toxic energy, with
   effectiveness depending on Evocations skill.
 W - the +11 halberd of Puaqeara {flame, +Blink rPois Str+3}
   (You found it on level 2 of the Lair of Beasts)

   It burns those it strikes, dealing additional fire damage.
   Big, fiery blades are also staple armaments of hydra-hunters.
   Str:       It affects your strength (+3).
   rPois:     It protects you from poison.
   +Blink:    It lets you blink.
Missiles
 E - 4 throwing nets
 R - 9 curare-tipped darts (quivered)
Armour
 D - a +2 hat (worn)
 O - the +2 shield of Resistance (worn) {rF++ rC++ Will++}
   (You found it on level 3 of the Elven Halls)

   rF:        It greatly protects you from fire.
   rC:        It greatly protects you from cold.
   Will:      It greatly increases your willpower.
 P - a +3 buckler of protection
Magical Staves
 a - a staff of fire
 M - a staff of cold
Jewellery
 c - a ring of wizardry
 f - an amulet of reflection (around mantle)
 h - a +6 ring of intelligence (right tentacle)
 p - the ring "Gemy" (on tentacle) {Ice rElec}
   (You took it off a deep elf annihilator on level 3 of the Elven Halls)

   [ring of ice]

   It enhances your ice magic.
   rF:        It makes you vulnerable to fire.
   rC:        It protects you from cold.
   rElec:     It insulates you from electricity.
 t - a ring of poison resistance (on tentacle)
 x - the ring of Sosiopn {rC- Str+7 Int-3 Dex+6 Slay+5}
   (You took it off a deep elf elementalist on level 3 of the Elven Halls)

   [ring of dexterity]

   Str:       It affects your strength (+7).
   Int:       It affects your intelligence (-3).
   Dex:       It affects your dexterity (+6).
   Slay:      It affects your accuracy & damage with ranged weapons and melee
   (+5).
   rC:        It makes you vulnerable to cold.
 H - a ring of fire (on tentacle)
 T - a +6 ring of intelligence (left tentacle)
 V - a ring of resist corrosion (on tentacle)
 X - a +5 ring of evasion (on tentacle)
 Y - the ring "Wissedoc" (on tentacle) {Fly Will+ MP+9 Dex+6 SInv}
   (You found it on level 3 of the Lair of Beasts)

   [ring of dexterity]

   Dex:       It affects your dexterity (+6).
   MP:        It affects your magic capacity (+9).
   SInv:      It lets you see invisible.
   Fly:       It grants you flight.
   Will:      It increases your willpower.
Wands
 g - a wand of quicksilver (2)
 k - a wand of mindburst (20)
 u - a wand of polymorph (6)
 w - a wand of iceblast (34)
 z - a wand of digging (8)
 A - a wand of charming (3)
 N - a wand of flame (13)
Scrolls
 i - 2 scrolls of fear
 q - 13 scrolls of teleportation
 y - 3 scrolls of amnesia
 B - 3 scrolls of poison
 C - 8 scrolls of enchant weapon
 F - 2 scrolls of magic mapping
 J - 6 scrolls of fog
 Q - 2 scrolls of torment
 S - 4 scrolls of immolation
Potions
 d - 7 potions of curing
 e - 6 potions of might
 n - 7 potions of invisibility
 r - 7 potions of haste
 s - a potion of magic
 G - a potion of berserk rage
 I - 4 potions of cancellation
 K - 3 potions of brilliance
 U - a potion of resistance


   Skills:
 + Level 1.3 Fighting
 + Level 0.2 Short Blades
 + Level 0.4(1.1) Polearms
 + Level 1.6 Staves
 + Level 0.5 Throwing
 + Level 4.3 Dodging
 + Level 7.0 Stealth
 + Level 4.1 Shields
 + Level 16.3 Spellcasting
 + Level 13.6 Conjurations
 + Level 7.4 Hexes
 + Level 4.0 Summonings
 + Level 7.8 Translocations
 + Level 3.6 Transmutations
 + Level 14.6 Fire Magic
 + Level 7.0 Ice Magic
 + Level 9.1 Air Magic
 + Level 10.2 Invocations
 + Level 0.1 Evocations


You had 2 spell levels left.
You knew the following spells:

 Your Spells              Type           Power      Damage    Failure   Level
a - Foxfire               Conj/Fire      100%       2x1d9     0%          1
b - Iskenderun's Mystic   Conj/Tloc      82%        2d16      1%          4
c - Inner Flame           Hex/Fire       100%       N/A       1%          3
d - Flame Wave            Conj/Fire      100%       2d21      1%          4
e - Scorch                Fire           100%       2d10      0%          2
f - Orb of Destruction    Conj           45%        9d12      12%         7
g - Swiftness             Air            76%        N/A       1%          3
h - Airstrike             Air            38%        2d(6-22)  1%          4
i - Hailstorm             Conj/Ice       100%       3d20      1%          3
j - Metabolic Englaciati  Hex/Ice        44%        N/A       5%          5
k - Fireball              Conj/Fire      57%        3d22      1%          5
l - Call Canine Familiar  Summ           56%        N/A       1%          3
m - Summon Guardian Gole  Hex/Summ       63%        N/A       1%          3

Your spell library contained the following spells:

 Spells                   Type           Power      Damage    Failure   Level
 Magic Dart               Conj           100%       1d8       0%          1
 Freeze                   Ice            100%       1d10      1%          1
 Shock                    Conj/Air       100%       1d9       1%          1
 Summon Small Mammal      Summ           100%       N/A       1%          1
 Call Imp                 Summ           56%        N/A       1%          2
 Momentum Strike          Conj/Tloc      100%       3d10      1%          2
 Searing Ray              Conj           100%       2d8       1%          2
 Static Discharge         Conj/Air       100%       2-7/arc   1%          2
 Wereblood                Tmut           54%        N/A       1%          2
 Sublimation of Blood     Necr           29%        N/A       5%          2
 Dazzling Flash           Conj/Hex       100%       N/A       1%          3
 Frozen Ramparts          Ice            100%       1d16      1%          3
 Gell's Gravitas          Tloc           72%        N/A       1%          3
 Ignite Poison            Fire/Tmut/Pois 100%       N/A       1%          3
 Kindle Blastsparks       Fire/Tloc/Air  100%       2d18      1%          3
 Lesser Beckoning         Tloc           100%       N/A       1%          3
 Ozocubu's Armour         Ice            88%        N/A       1%          3
 Stone Arrow              Conj/Erth      100%       3d13      1%          3
 Teleport Other           Tloc           72%        N/A       1%          3
 Vhi's Electric Charge    Tloc/Air       100%       N/A       1%          3
 Fulminant Prism          Conj/Hex       40%        3d19      1%          4
 Passage of Golubria      Tloc           72%        N/A       1%          4
 Arcjolt                  Conj/Air       42%        1d52      1%          5
 Iskenderun's Battlesphe  Conj           91%        2d14      1%          5
 Starburst                Conj/Fire      57%        6d15      1%          6
 Summon Ice Beast         Ice/Summ       81%        N/A       3%          4
 Irradiate                Conj/Tmut      37%        3d24      3%          5
 Silence                  Hex/Air        36%        N/A       3%          5
 Conjure Ball Lightning   Conj/Air       42%        3x3d15    5%          6
 Anguish                  Hex/Necr       27%        N/A       8%          4
 Petrify                  Tmut/Erth      42%        N/A       17%         4
 Blade Hands              Tmut           27%        N/A       22%         5
 Iron Shot                Conj/Erth      34%        9d7       32%         6
 Animate Dead             Necr           29%        N/A       34%         4
 Spellforged Servitor     Conj/Summ      37%        N/A       63%         7
 Simulacrum               Ice/Necr       35%        N/A       78%         6
 Eringya's Noxious Bog    Tmut/Pois      29%        N/A       95%         6
 Statue Form              Tmut/Erth      28%        N/A       95%         6
 Malign Gateway           Summ/Tloc      32%        N/A       95%         7
 Summon Hydra             Summ           28%        N/A       99%         7
 Maxwell's Capacitive Co  Air            38%        ∞         99%         8
 Dragon Form              Tmut           27%        N/A       100%        7
 Haunt                    Necr/Summ      22%        N/A       100%        7
 Infestation              Necr           14%        N/A       100%        8
 Lehudib's Crystal Spear  Conj/Erth      34%        10d9      100%        8
 Polar Vortex             Ice            44%        N/A       100%        9
 Animate Armour           Summ/Erth      Unusable   N/A       N/A         4

Dungeon Overview and Level Annotations

Branches:
Dungeon (12/15)            Temple (1/1) D:6            Lair (5/5) D:8
 Shoals (0/4) Lair:2        Snake (2/4) Lair:2        Slime (0/5) Lair:4
    Orc (2/2) D:11            Elf (3/3) Orc:2         Sewer (visited)
 Bailey (visited)

Altars:
Ashenzari
Cheibriados
Dithmenos
Elyvilon
Fedhas
Gozag
Hepliaklqana
Kikubaaqudgha
Makhleb
Nemelex Xobeh
Okawaru
Qazlal
Ru
Sif Muna
Trog
Uskayaw
Vehumet
Wu Jian
Xom
Yredelemnul
Zin
The Shining One
Jiyva
Lugonu

Shops:
D:11 [   Orc:1 *   Orc:2 (*::?   Snake:2 (

Portals:
Abyss: Lair:5

Annotations:
Elf:1 exclusion: orange crystal statue


Innate Abilities, Weirdness & Mutations

You cannot wear most types of armour.
You are amphibious.
You can wear up to eight rings at the same time.
Your skin changes colour to match your surroundings (Stealth+).
Your rubbery body absorbs attacks. (AC +1, EV +1)
((You are camouflaged when in or above water. (Stealth+)))
You have tentacles for arms and can constrict up to eight enemies at once.
You are mostly covered in iridescent scales. (AC +4)
Your flesh is heat resistant. (rF+)
Your natural rate of healing is unusually fast.


Message History

Casting: Fireball (mildly dangerous; 1% risk of failure)
Confirm with . or Enter, or press ? or * to list all spells.
Okay, then.
Okay, then.
Unknown command.
Unknown command.
Okay, then.
Unknown command.
Unknown command.
Press: ? - help, v - describe, . - travel
Here: Vashnia, wielding a +0 longbow and wearing a +1 barding of flying (severely wounded, slow)
An open door.
Unknown command.
Unknown command.
Unknown command.
Casting: Fireball (mildly dangerous; 1% risk of failure)
Confirm with . or Enter, or press ? or * to list all spells.
Aiming: Fireball (mildly dangerous; 1% risk of failure)
Press: ? - help, Shift-Dir - straight line You feel a surge of power!
The fireball explodes!
The fireball engulfs Vashnia!!
Vashnia is almost dead.
Vashnia is no longer moving slowly.
Vashnia spits poison at you. The splash of poison misses you.
Casting: Fireball (mildly dangerous; 1% risk of failure)
Confirm with . or Enter, or press ? or * to list all spells.
Aiming: Fireball (mildly dangerous; 1% risk of failure)
Press: ? - help, Shift-Dir - straight line You feel a surge of power!
The fireball explodes!
The fireball engulfs Vashnia!!
You kill Vashnia!
Sif Muna accepts your kill.
Your Ice Magic skill increases to level 7!
A naga sharpshooter comes into view. It is wielding a +0 flail.
The naga sharpshooter unwields a +0 flail.
The naga sharpshooter wields a +1 shortbow of flaming.
It bursts into flame!
The naga sharpshooter shoots an arrow.
The arrow hits you!
You die...

####### #
##.....#$#
##....>)..#
#...@.....#
#...§§§...#
#.))§.☼...#
#.<.§§§...#
#.)†)..#'##
##..)..'∩)N
......#+###
#.....<..
#.........


You could see a naga sharpshooter.

Vanquished Creatures
  Vashnia (Snake:2)
  2 deep elf blademasters (Elf:3)
  2 deep elf master archers (Elf:3)
  A sphinx (D:12)
  A fire giant (D:12)
  A frost giant (D:12)
  4 deep elf sorcerers (Elf:3)
  4 deep elf elementalists (Elf:3)
  An orc warlord (Bailey)
  A stone giant (D:12)
  7 deep elf demonologists (Elf:3)
  10 deep elf annihilators
  6 deep elf death magi (Elf:3)
  The ghost of nubinia the Marksspriggan, a journeyman SpHu of Gozag (Lair:4)
  5 deep elf high priests (Elf:3)
  2 ettins (D:12)
  4 hydras
  Erolcha (D:11)
  3 anacondas (Snake:1)
  A death knight (D:12)
  A catoblepas (D:11)
  4 ogre magi
  3 two-headed ogres
  A tengu warrior (D:12)
  5 death yaks (Lair:4)
  A naga warrior (Snake:2)
  34 dancing weapons
  7 naga sharpshooters
  The ghost of confidenceinterval the Skirmisher, a journeyman SpHu of Okawaru (Lair:3)
  6 shock serpents
  2 thrashing horrors (Lair:5)
  23 deep elf knights
  A goliath frog (shapeshifter) (D:12)
  2 salamander mystics
  8 deep elf archers
  A skeletal warrior (D:12)
  A naga ritualist (Snake:1)
  Pikel (D:4)
  31 deep elf zephyrmancers
  6 orc knights
  25 deep elf pyromancers
  2 mana vipers (Snake:1)
  A wolf spider (D:12)
  4 ugly things
  7 orc sorcerers (Orc:2)
  2 cyclopes
  2 manticores
  A salamander (Snake:1)
  12 elephants
  Maurice (D:11)
  2 smoke demons (Lair:5)
  An ice statue (Lair:3)
  6 naga magi
  2 gargoyles (D:12)
  12 black mambas
  8 cane toads
  A freezing wraith (D:11)
  A kobold demonologist (D:9)
  An unseen horror (D:12)
  12 komodo dragons
  4 rime drakes
  A troll (shapeshifter) (Lair:5)
  An ancient zyme (Lair:5)
  2 polar bears
  3 large abominations (Lair:5)
  A hornet (D:9)
  A hornet (shapeshifter) (D:12)
  8 trolls
  A wind drake (Lair:2)
  7 dream sheep (Lair:5)
  20 blink frogs
  6 slime creatures
  A culicivora (shapeshifter) (Elf:1)
  2 shadows (D:12)
  2 vampires
  A spriggan (Lair:5)
  3 wraiths
  3 basilisks
  2 water elementals (Elf:1)
  Eustachio (D:6)
  38 yaks
  2 wyverns
  4 fire elementals
  A steam dragon (D:9)
  3 chaos spawn (Lair:5)
  Menkaure (D:4)
  16 nagas
  2 wargs (Orc:1)
  An acid dragon (D:12)
  Duvessa (D:6)
  8 water moccasins
  22 orc warriors
  A sky beast (D:8)
  An ice beast (D:6)
  4 black bears
  11 ogres
  A phantom (D:5)
  3 centaurs
  6 wolves (Lair:1)
  A lemure (D:4)
  Blork the orc (D:4)
  3 kobold brigands
  9 bullfrogs
  3 gnoll sergeants
  2 necrophages
  An earth elemental (Elf:3)
  4 scorpions
  6 wights
  Dowan (D:6)
  8 small abominations (Lair:5)
  13 killer bees
  5 howler monkeys
  2 hounds (D:6)
  7 jellies
  A gnoll bouda (D:7)
  20 orc priests
  2 iguanas
  Ijyb (D:4)
  27 orc wizards
  12 hell rats (Lair:5)
  Natasha (thrice) (D:3)
  17 gnolls
  14 adders
  A white imp (D:6)
  2 ufetubi (D:5)
  2 worms
  2 dart slugs
  70 orcs
  10 ball pythons
  3 endoplasms
  3 giant cockroaches
  12 hobgoblins
  6 jackals
  28 kobolds
  5 quokkas
  3 bats
  10 frilled lizards
  18 goblins
  10 rats
  5 bushes
849 creatures vanquished.

Vanquished Creatures (collateral kills)
  A thrashing horror (Lair:5)
  A komodo dragon (Lair:3)
  A yak (D:8)
  15 foxfires
18 creatures vanquished.

Vanquished Creatures (others)
  A naga sharpshooter (Snake:2)
  A deep elf knight (Elf:3)
  A naga mage (Snake:1)
  A water elemental (Elf:1)
  1842 foxfires
  35 fungi
  35 plants
1916 creatures vanquished.

Grand Total: 2783 creatures vanquished

Notes
Turn   | Place    | Note
-------+----------+-------------------------------------------
     0 | D:1      | Conn the Octopode Fire Elementalist began the quest for the
                  | Orb.
     0 | D:1      | Reached XP level 1. HP: 11/11 MP: 3/3
   172 | D:1      | Reached XP level 2. HP: 17/17 MP: 1/5
  1004 | D:1      | Learned a level 2 spell: Scorch
  1090 | D:2      | Reached XP level 3. HP: 20/21 MP: 2/6
  1905 | D:2      | Found a faded altar of an unknown god.
  2065 | D:3      | Reached XP level 4. HP: 27/27 MP: 0/7
  2328 | D:3      | Found an ancient bone altar of Kikubaaqudgha.
  2335 | D:3      | Reached XP level 5. HP: 31/31 MP: 6/9
  2336 | D:3      | Found a shadowy altar of Dithmenos.
  2339 | D:3      | Found an iron altar of Okawaru.
  2342 | D:3      | Found a glowing silver altar of Zin.
  2460 | D:3      | Noticed Natasha
  2463 | D:3      | Killed Natasha
  2501 | D:3      | Found a glowing drain.
  2507 | Sewer    | Entered a sewer
  2611 | Sewer    | Reached skill level 3 in Spellcasting
  2827 | Sewer    | Identified the +7 plate armour "Nekezyuw" {rN+ Dex+2}
  3127 | D:3      | Noticed Natasha
  3131 | D:3      | Killed Natasha
  3132 | D:3      | Reached XP level 6. HP: 36/36 MP: 5/10
  3434 | D:4      | Learned a level 3 spell: Kindle Blastsparks
  3438 | D:4      | Learned a level 3 spell: Inner Flame
  3441 | D:4      | Noticed Pikel
  3561 | D:3      | Noticed Natasha
  3590 | D:3      | Killed Natasha
  3723 | D:4      | Reached skill level 5 in Fire Magic
  3800 | D:4      | Reached XP level 7. HP: 41/41 MP: 7/12
  3838 | D:4      | Noticed Menkaure
  3841 | D:4      | Killed Menkaure
  3842 | D:4      | Reached skill level 4 in Spellcasting
  3946 | D:4      | Noticed Ijyb
  3954 | D:4      | Killed Ijyb
  4231 | D:4      | Learned a level 4 spell: Flame Wave
  4368 | D:4      | Killed Pikel
  4369 | D:4      | Reached skill level 5 in Stealth
  4369 | D:4      | Reached skill level 5 in Spellcasting
  4369 | D:4      | Reached XP level 8. HP: 46/46 MP: 2/15
  4483 | D:4      | Noticed Blork the orc
  4491 | D:4      | Killed Blork the orc
  4492 | D:4      | Reached skill level 1 in Hexes
  4980 | D:4      | Found a blossoming altar of Fedhas.
  5003 | D:5      | Entered Level 5 of the Dungeon
  5178 | D:5      | Reached skill level 1 in Staves
  5178 | D:5      | Reached skill level 6 in Spellcasting
  5444 | D:5      | Found a hazy altar of Hepliaklqana.
  5445 | D:5      | Found a shimmering altar of Xom.
  5446 | D:5      | Noticed a spectral ugly thing
  5463 | D:5      | Learned a level 3 spell: Ozocubu's Armour
  5719 | D:5      | Reached XP level 9. HP: 51/51 MP: 11/18
  5853 | D:5      | Reached skill level 1 in Ice Magic
  5956 | D:4      | Found a shimmering blue altar of Sif Muna.
  5956 | D:4      | Found a burning altar of Makhleb.
  6215 | D:6      | Found a staircase to the Ecumenical Temple.
  6221 | Temple   | Entered the Ecumenical Temple
  6408 | D:6      | Noticed Eustachio
  6413 | D:6      | Killed Eustachio
  6468 | D:6      | Noticed Dowan
  6477 | D:6      | Reached skill level 5 in Conjurations
  6484 | D:6      | Killed Dowan
  6580 | D:6      | Noticed Duvessa
  6586 | D:6      | Killed Duvessa
  6840 | D:6      | Noticed a komodo dragon
  6847 | D:6      | Killed a komodo dragon
  6848 | D:6      | Reached skill level 7 in Spellcasting
  7281 | D:7      | Found a flagged portal.
  7321 | Bailey   | Entered a bailey
  7326 | Bailey   | Noticed an orc warlord
  7500 | Bailey   | Noticed an orc knight
  7514 | Bailey   | Killed an orc knight
  7515 | Bailey   | Reached XP level 10. HP: 57/57 MP: 3/21
  7796 | Bailey   | Found a runed translucent gate.
  7796 | Bailey   | Found a runed translucent gate.
  7796 | Bailey   | Found a runed translucent gate.
  7796 | Bailey   | Noticed an orc knight
  7805 | Bailey   | Killed an orc knight
  8067 | Bailey   | Killed an orc warlord
  8068 | Bailey   | Reached skill level 8 in Spellcasting
  8574 | D:7      | Reached skill level 5 in Ice Magic
  9417 | D:8      | Found a staircase to the Lair.
  9557 | D:8      | Learned a level 3 spell: Swiftness
  9562 | D:8      | Learned a level 4 spell: Airstrike
  9566 | D:8      | Reached XP level 11. HP: 62/62 MP: 23/23
 10047 | D:9      | Noticed a two-headed ogre
 10055 | D:9      | Killed a two-headed ogre
 10056 | D:9      | Reached XP level 12. HP: 67/67 MP: 16/24
 10647 | D:9      | Learned a level 3 spell: Hailstorm
 11057 | D:9      | Identified the +1 robe "Fosh" {+Inv Str+3 Dex+4}
 11109 | D:10     | Entered Level 10 of the Dungeon
 11115 | D:10     | Reached skill level 9 in Spellcasting
 11568 | D:10     | Found a viscous altar of Jiyva.
 12323 | Lair:1   | Entered Level 1 of the Lair of Beasts
 12329 | Lair:1   | Reached skill level 1 in Shields
 12464 | Lair:1   | Reached skill level 1 in Translocations
 12706 | Lair:1   | Reached skill level 10 in Conjurations
 13918 | Lair:2   | Identified the +0 ring mail "Baytaot" {rPois rN+ Str-5
                  | Dex+2}
 14013 | Lair:2   | Identified the +5 hand axe "Koil" {freeze, rF+ rC+ SInv}
 14099 | Lair:2   | Reached skill level 10 in Spellcasting
 14236 | Lair:2   | Reached skill level 10 in Fire Magic
 14364 | Lair:2   | Found a staircase to the Snake Pit.
 14384 | Lair:2   | Identified the +11 halberd of Puaqeara {flame, +Blink rPois
                  | Str+3}
 14577 | Lair:2   | Found a staircase to the Shoals.
 14663 | Lair:2   | Reached XP level 13. HP: 72/72 MP: 18/27
 15358 | Lair:3   | Learned a level 5 spell: Metabolic Englaciation
 15521 | Lair:3   | Found a transporter.
 15788 | Lair:3   | Found a transporter.
 15830 | Lair:3   | Identified the ring "Wissedoc" {Fly Will+ MP+9 Dex+6 SInv}
 16250 | Lair:4   | Found a runed translucent door.
 16263 | Lair:4   | Reached skill level 5 in Translocations
 16627 | Lair:4   | Identified the +1 helmet of Useroc {Int+2}
 16745 | Lair:4   | Noticed nubinia's ghost (journeyman SpHu)
 17364 | Lair:4   | Found a runed translucent door.
 17370 | Lair:4   | Found a staircase to the Slime Pits.
 17517 | Lair:4   | Killed nubinia's ghost
 17518 | Lair:4   | Reached skill level 11 in Spellcasting
 17586 | Lair:4   | Gained mutation: You are frail. (-10% HP) [potion of
                  | mutation]
 17586 | Lair:4   | Gained mutation: You occasionally lose the ability to read
                  | scrolls when taking damage. [potion of mutation]
 17587 | Lair:4   | Lost mutation: You are frail. (-10% HP) [potion of
                  | mutation]
 17587 | Lair:4   | Lost mutation: You occasionally lose the ability to read
                  | scrolls when taking damage. [potion of mutation]
 17587 | Lair:4   | Gained mutation: You are partially covered in iridescent
                  | scales. (AC +2) [potion of mutation]
 17587 | Lair:4   | Gained mutation: You are mostly covered in iridescent
                  | scales. (AC +4) [potion of mutation]
 17587 | Lair:4   | Gained mutation: Your natural rate of healing is unusually
                  | fast. [potion of mutation]
 17587 | Lair:4   | Gained mutation: Your flesh is heat resistant. (rF+)
                  | [potion of mutation]
 17612 | Lair:5   | Entered Level 5 of the Lair of Beasts
 17821 | Lair:5   | Reached skill level 5 in Hexes
 17826 | Lair:5   | Reached XP level 14. HP: 77/77 MP: 8/29
 19475 | Lair:5   | Found a one-way gate to the infinite horrors of the Abyss.
 19478 | Lair:5   | Found a corrupted altar of Lugonu.
 19484 | Lair:5   | Reached skill level 1 in Fighting
 19850 | D:4      | Became a worshipper of Sif Muna the Loreminder
 20491 | Lair:3   | Noticed confidenceinterval's ghost (journeyman SpHu)
 20978 | D:11     | Noticed Erolcha
 20990 | D:11     | Killed Erolcha
 21017 | D:11     | Found a staircase to the Orcish Mines.
 21017 | D:11     | Noticed Maurice
 21022 | D:11     | Reached * piety under Sif Muna
 21023 | D:11     | Reached skill level 12 in Spellcasting
 21246 | D:11     | Killed Maurice
 21485 | D:11     | Found Feogru Gait's Armour Shoppe.
 22112 | D:12     | Learned a level 5 spell: Irradiate
 22672 | D:12     | Found a runed translucent door.
 22677 | D:12     | Reached ** piety under Sif Muna
 22824 | D:12     | Noticed a stone giant
 22832 | D:12     | Found a runed translucent door.
 22854 | D:12     | Killed a stone giant
 22855 | D:12     | Reached skill level 1 in Invocations
 22858 | D:12     | Reached skill level 1 in Transmutations
 22858 | D:12     | Reached XP level 15. HP: 75/83 MP: 2/31
 23043 | D:12     | Noticed a sphinx
 23044 | D:12     | Noticed a frost giant
 23046 | D:12     | Identified the +7 glaive "Suango" {heavy, Str-3 Dex+4}
 23064 | D:12     | Noticed a fire giant
 23452 | D:12     | Killed a frost giant
 23452 | D:12     | Killed a sphinx
 23457 | D:12     | Killed a fire giant
 23607 | Orc:1    | Entered Level 1 of the Orcish Mines
 23607 | Orc:1    | Found a burning altar of Makhleb.
 23618 | Orc:1    | Reached *** piety under Sif Muna
 23942 | Orc:2    | Entered Level 2 of the Orcish Mines
 24052 | Orc:2    | Found a staircase to the Elven Halls.
 24227 | Orc:1    | Found Hiebeantugg's General Store.
 24369 | Orc:2    | Found Vudghyamu's Assorted Antiques.
 24382 | Orc:2    | Bought a knobbly silver ring for 115 gold pieces
 24668 | Orc:2    | Reached **** piety under Sif Muna
 24849 | Orc:2    | Found a radiant altar of Vehumet.
 24991 | Orc:2    | Reached skill level 13 in Spellcasting
 25003 | Orc:2    | Found Feabiavy's Antique Weapon Shoppe.
 25154 | Orc:2    | Found an ancient bone altar of Kikubaaqudgha.
 25324 | Orc:2    | Found a radiant altar of Vehumet.
 25412 | Orc:2    | Found Jarut's Book Shoppe.
 25412 | Orc:2    | Found Zecleim's Book Emporium.
 25450 | Orc:2    | Found Ybrolaic's Magic Scroll Shoppe.
 25453 | Orc:2    | Bought a book of the Spheres for 864 gold pieces
 25471 | Orc:2    | Bought a book of Callings for 280 gold pieces
 25480 | Orc:2    | Learned a level 5 spell: Fireball
 25484 | Orc:2    | Learned a level 3 spell: Call Canine Familiar
 25889 | Orc:2    | Bought a book of Spectacle for 448 gold pieces
 25895 | Orc:2    | Learned a level 4 spell: Iskenderun's Mystic Blast
 26291 | Lair:3   | Reached skill level 1 in Summonings
 26303 | Lair:3   | Killed confidenceinterval's ghost
 26605 | Elf:1    | Entered Level 1 of the Elven Halls
 26955 | Elf:1    | Reached skill level 5 in Invocations
 26980 | Elf:1    | Reached ***** piety under Sif Muna
 27121 | Elf:1    | Reached XP level 16. HP: 89/89 MP: 27/33
 27250 | Elf:1    | Received a gift from Sif Muna
 27251 | Elf:1    | Got Raemy's Folio of Supportive Transmogrification {god
                  | gift}
 27449 | Elf:1    | Got the Treatise on Battle Magic
 27962 | Elf:1    | Found a runed translucent door.
 28525 | Elf:2    | Reached skill level 14 in Spellcasting
 29591 | Elf:2    | Found a runed translucent gate.
 29592 | Elf:2    | Found a runed translucent gate.
 29592 | Elf:2    | Found a runed translucent gate.
 30732 | Elf:3    | Entered Level 3 of the Elven Halls
 30786 | Elf:3    | Reached XP level 17. HP: 93/93 MP: 2/35
 30802 | Elf:2    | Learned a level 7 spell: Orb of Destruction
 31198 | Elf:3    | Got the Thoughts on the Icicle and Bad Luck
 31286 | Elf:3    | Reached skill level 15 in Spellcasting
 31333 | Elf:3    | Received a gift from Sif Muna
 31616 | Elf:3    | Got Cigotuvi's Papyrus of the Mutated Charnel House {god
                  | gift}
 31836 | Elf:3    | Identified the +6 morningstar of Living Forgiveness {drain,
                  | rC+}
 31836 | Elf:3    | Identified the ring "Gemy" {Ice rElec}
 31854 | Elf:3    | Noticed a deep elf blademaster
 31871 | Elf:3    | Killed a deep elf blademaster
 31880 | Elf:3    | Noticed a Tzitzimitl
 31941 | Elf:3    | Noticed a deep elf master archer
 31945 | Elf:3    | Killed a deep elf master archer
 32034 | Elf:3    | Noticed a deep elf blademaster
 32042 | Elf:3    | Killed a deep elf blademaster
 32187 | Elf:3    | Identified the ring of Sosiopn {rC- Str+7 Int-3 Dex+6
                  | Slay+5}
 32372 | Elf:3    | Identified the +1 shadow dragon scales of the Poles
                  | {Rampage MP+9 Stlth++++}
 32385 | Elf:3    | Identified the +5 plate armour "Heustixt" {rC- Regen+
                  | Int+4}
 32475 | Elf:3    | Identified the +5 hand axe "Ennua" {heavy, rF+}
 32667 | Elf:3    | Found the +2 shield of Resistance {rF++ rC++ Will++}
 32695 | Elf:3    | Identified the +1 pair of boots "Ykkumair" {Int+5}
 32824 | Elf:3    | Learned a level 3 spell: Summon Guardian Golem
 32958 | Elf:3    | Noticed a deep elf master archer
 32964 | Elf:3    | Killed a deep elf master archer
 32965 | Elf:3    | Reached XP level 18. HP: 75/99 MP: 34/37
 33301 | Snake:1  | Entered Level 1 of the Snake Pit
 33515 | Snake:1  | Reached skill level 16 in Spellcasting
 34060 | Snake:1  | Reached skill level 10 in Invocations
 34391 | Snake:1  | Received a gift from Sif Muna
 34395 | Snake:1  | Got Cessih's Tractate on the Pyromaniac and Concussion {god
                  | gift}
 34728 | Snake:2  | Noticed Vashnia
 34748 | Snake:2  | Found Vielema's Antique Weapon Shoppe.
 34754 | Snake:2  | Killed Vashnia
 34755 | Snake:2  | Shot with an arrow by a naga sharpshooter

Illustrated notes

Levels and vault maps discovered:
D:1:      co_arrival_random_square_maze, layout_basic, serial_curves,
          eino_curves_04, eino_curves_03, minmay_pentomino_q2
D:2:      layout_loops_cross, hellmonk_ecumenical_altar_prayer_group
D:3:      layout_basic, grunt_temple_overflow_cloverleaf,
          gup_sewer_entry_bubbles, minmay_misc_feat_encased,
          saegor_snake_ambush, uniq_natasha
D:4:      layout_basic, nicolae_overflow_hidden_temple,
          dreamdust_princess_bridge, uniq_blork_the_orc, uniq_menkaure,
          uniq_pikel, uniq_ijyb
D:5:      layout_rooms, regret_index_temple_of_mockery, lexackson_kobold_supper
D:6:      layout_gridville, temple_statues, uniq_duvessa, uniq_eustachio
D:7:      layout_basic, enter_bailey_3, minmay_hedge_maze
D:8:      layout_cave_pools, dpeg_oklobed_lair
D:9:      layout_basic
D:10:     layout_roguey, jiyva_altar_1
D:11:     nzn_motion_control, layout_loops_ring, david_orc_5, serial_shops,
          shop_fountains, nicolae_fountain_basement, uniq_erolcha, uniq_maurice
D:12:     minmay_expanding_circles, layout_irregular_city,
          hangedman_decor_opposing
Temple:   nicolae_temple_god_jail
Lair:1:   layout_cave_pods, dreamdust_deal_with_the_devil, grunt_megastairs_1,
          serial_bayou_shore_b
Lair:2:   layout_cellular_growth, minmay_shoals_entry_beasts,
          minmay_snake_entry_guardpost_small
Lair:3:   layout_loops_ring, nzn_ghost_randoct
Lair:4:   layout_cave_pods, slime_entry_2, ebering_ghost_reflecting_pool,
          st_stairs_10
Lair:5:   hellmonk_lair_end_abyssal_woods, layout_gridlike
Snake:1:  hangedman_cross_veins, layout_misc_corridors
Snake:2:  layout_rooms, serial_shops, bzr_entry_customers,
          nicolae_shop_behind_doors, shop_fountains, shop, shop,
          serial_bayou_shore_b, lemuel_fruit_tree, uniq_saint_roka,
          uniq_vashnia, uniq_aizul
Orc:1:    layout_caves, serial_shops, shop_statue, bloody_makhleb
Orc:2:    kennysheep_orc_mage_school, layout_diamond_mine, basic_altar,
          serial_shops, nicolae_diamond_shop, nicolae_orc_pool_cavern
Elf:1:    layout_loops_cross, minmay_elf_annihilation, st_stairs_14,
          minivault_16, hex_tiny, minivault_13
Elf:2:    nicolae_elf_blades_crystal_corner, layout_gridlike,
          dreamdust_mushroom_princess, dk_noncrumbling_2
Elf:3:    minmay_elf_hall_not_hex, layout_rooms, elves_outpost_lemuel

Skill      XL: |  1  2  3  4  5  6  7  8  9 10 11 12 13 14 15 16 17 18 |
---------------+-------------------------------------------------------+-----
Stealth        | 3 4 5 6 7 |  7.0
Fire Magic     | 4 5 6 8 9 10 11 12 13 14 | 14.6
Conjurations   | 2 3 4 5 9 10 11 12 13 | 13.6
Spellcasting   | 3 5 6 7 8 10 11 12 13 14 15 16 | 16.3
Hexes          | 1 2 3 5 6 7 |  7.4
Staves         | 1 |  1.6
Ice Magic      | 3 5 6 7 |  7.0
Air Magic      | 6 7 8 9 |  9.1
Shields        | 1 2 3 4 |  4.1
Translocations | 3 6 7 |  7.8
Dodging        | 3 4 |  4.3
Fighting       | 1 |  1.3
Invocations    | 1 5 7 9 10 | 10.2
Transmutations | 1 3 |  3.6
Summonings     | 2 3 4 |  4.0
Short Blades   | |  0.2
Polearms       | |  0.4
Throwing       | |  0.5
Evocations     | |  0.1

Action                   |  1- 3 |  4- 6 |  7- 9 | 10-12 | 13-15 | 16-18 || total
-------------------------+-------+-------+-------+-------+-------+-------++-------
Melee: Short sword       |    10 |       |       |       |       |       ||    10
       Unarmed           |     4 |       |       |       |       |       ||     4
       Constrict         |     5 |     1 |     1 |     2 |    13 |     2 ||    24
       Tentacles         |     4 |       |     1 |     2 |    13 |    10 ||    30
       Staff             |       |     7 |     4 |     5 |    40 |    22 ||    78
       Punch             |       |       |     1 |       |     1 |       ||     2
       Halberd           |       |       |       |       |     2 |       ||     2
Throw: Dart              |       |       |       |       |     2 |     5 ||     7
 Cast: Foxfire           |    57 |    66 |   174 |   304 |   391 |    58 ||  1050
       Scorch            |       |    10 |    15 |    49 |   126 |    45 ||   245
       Inner Flame       |       |     1 |     7 |    20 |    27 |    17 ||    72
       Kindle Blastspark |       |       |     2 |     4 |       |       ||     6
       Flame Wave        |       |       |     6 |    20 |   104 |    28 ||   158
       Ozocubu's Armour  |       |       |     2 |       |    13 |       ||    15
       Airstrike         |       |       |       |       |    17 |    65 ||    82
       Hailstorm         |       |       |       |       |    27 |    13 ||    40
       Metabolic Englaci |       |       |       |       |     6 |     9 ||    15
       Fireball          |       |       |       |       |     8 |   156 ||   164
       Iskenderun's Myst |       |       |       |       |     1 |    40 ||    41
       Call Canine Famil |       |       |       |       |     1 |     2 ||     3
       Swiftness         |       |       |       |       |     1 |       ||     1
       Orb of Destructio |       |       |       |       |       |     5 ||     5
       Summon Guardian G |       |       |       |       |       |     5 ||     5
Invok: Channel Magic     |       |       |       |       |     2 |    13 ||    15
 Abil: Evoke the Staff o |       |       |       |       |       |     1 ||     1
Evoke: Wand              |       |       |       |     4 |       |       ||     4
       Box of beasts     |       |       |       |       |     1 |     1 ||     2
       Condenser vane    |       |       |       |       |       |     1 ||     1
  Use: Scroll            |       |     5 |     5 |     9 |    16 |     3 ||    38
       Potion            |       |       |       |     3 |    10 |    11 ||    24
 Stab: Sleeping          |     6 |     2 |     2 |       |     3 |       ||    13
       Distracted        |       |       |       |       |     1 |       ||     1
Armor: Skin              |       |     1 |     1 |     2 |    34 |    31 ||    69
Dodge: Dodged            |    10 |     3 |    10 |    16 |   123 |    60 ||   222
Block: Other             |     1 |     2 |     5 |     4 |     5 |       ||    17
       Reflection        |       |       |     1 |    13 |     8 |    33 ||    55
       Kite shield       |       |       |       |    36 |   142 |    44 ||   222
       Buckler           |       |       |       |       |     7 |    32 ||    39

Table legend: (Time is in decaauts)
 A = Elapsed time spent in this place.
 B = Non-inter-level travel time spent in this place.
 C = Inter-level travel time spent in this place.
 D = Time resting spent in this place.
 E = Time spent auto-exploring this place.
 F = Levels seen in this place.
 G = Mean time per level.
                   A        B        C        D        E       F      G
               +--------+--------+--------+--------+--------+-----+--------+
         Total |  34788 |  32788 |   2000 |   2843 |  22506 |  27 | 1288.4 |
       Dungeon |  14454 |  13455 |    999 |    737 |   9734 |  12 | 1204.5 |
        Temple |     74 |     74 |      0 |      0 |     48 |   1 |   74.0 |
          Lair |   8517 |   7966 |    551 |    804 |   5669 |   5 | 1703.4 |
     Snake Pit |   1275 |   1262 |     13 |     26 |    835 |   2 |  637.5 |
  Orcish Mines |   2685 |   2388 |    297 |    516 |   1224 |   2 | 1342.5 |
   Elven Halls |   6377 |   6240 |    137 |    727 |   4005 |   3 | 2125.7 |
         Sewer |    494 |    494 |      0 |      0 |    346 |   1 |  494.0 |
        Bailey |    908 |    908 |      0 |     33 |    645 |   1 |  908.0 |
               +--------+--------+--------+--------+--------+-----+--------+

Top non-repeatable levels by time:
   Elf:2: 2470 daAuts
  Lair:5: 2344 daAuts
   Elf:3: 2209 daAuts
   Orc:2: 1991 daAuts
  Lair:2: 1787 daAuts
  Lair:4: 1757 daAuts
   Elf:1: 1698 daAuts
     D:4: 1554 daAuts
    D:12: 1499 daAuts
    D:10: 1425 daAuts
     D:9: 1356 daAuts
    D:11: 1348 daAuts
  Lair:3: 1316 daAuts
  Lair:1: 1312 daAuts
 Snake:1: 1188 daAuts
